 Dungeon Crawl Stone Soup version 0.23-a0-143-g1adec7bb76 (webtiles) character file.

55 Jesh the Vexing (level 3, -1/16 HPs)
             Began as a Spriggan Enchanter on Sept 1, 2018.
             Slain by a centaur (2 damage)
             ... on level 3 of the Dungeon.
             The game lasted 00:06:27 (3232 turns).

Jesh the Vexing (Spriggan Enchanter)                Turns: 3232, Time: 00:06:27

Health: -1/16      AC:  2    Str:  4    XL:     3   Next: 67%
Magic:  3/9        EV: 18    Int: 17    God:
Gold:   67         SH:  0    Dex: 16    Spells: 1/10 levels left

rFire    . . .     SeeInvis +   a - +2 dagger
rCold    . . .     Gourm    .   (shield restricted)
rNeg     . . .     Faith    .   b - +0 robe
rPois    .         Spirit   .   (helmet restricted)
rElec    .         Reflect  .   (no cloak)
rCorr    .         Harm     .   (gloves unavailable)
MR       .....                  (boots unavailable)
Stlth    ++++......             (no amulet)
HPRegen  0.05/turn              f - ring of stealth
MPRegen  0.11/turn              (no ring)

@: very slightly contaminated, very quick
A: very small, unfitting armour, see invisible, herbivore, speed 3, slow
metabolism 2
a: no special abilities


You were on level 3 of the Dungeon.
You were not hungry.

You visited 1 branch of the dungeon, and saw 3 of its levels.

You collected 67 gold pieces.

Inventory:

Hand Weapons
 a - a +2 dagger (weapon)
Armour
 b - a +0 robe (worn)
Jewellery
 f - a ring of stealth (left hand)
Scrolls
 g - a scroll of amnesia
 h - 2 scrolls of teleportation
 k - 2 scrolls of remove curse
Potions
 c - a potion of agility
 e - a potion of ambrosia
 i - a potion of heal wounds {unknown}
 j - a potion of curing {unknown}
Comestibles
 d - 5 rations


   Skills:
 - Level 1.1 Short Blades
 - Level 3.0 Dodging
 - Level 4.4 Stealth
 + Level 4.0 Spellcasting
 + Level 4.8 Hexes


You had one spell level left.
You knew the following spells:

 Your Spells              Type           Power        Failure   Level  Hunger
a - Ensorcelled Hibernat  Hex/Ice        ##....       9%          2    ##.....
b - Corona                Hex            ###....      2%          1    None
c - Confuse               Hex            ###.....     7%          3    ###....
d - Tukima's Dance        Hex            ###.....     7%          3    ###....

Your spell library contained the following spells:

 Spells                   Type           Power        Failure   Level  Hunger
 Magic Dart               Conj           #...         16%         1    None
 Dazzling Spray           Conj/Hex       ##....       17%         3    ###....


Dungeon Overview and Level Annotations

Branches:
Dungeon (3/15)

Altars:
Kikubaaqudgha
Sif Muna
Vehumet


Innate Abilities, Weirdness & Mutations

You are very small and have problems with some larger weapons.
You are too small for most types of armour.
You have supernaturally acute eyesight. (SInv)
You are a herbivore.
You cover ground extremely quickly.
You need to consume almost no food.


Message History

Casting: Ensorcelled Hibernation (safe; 9% risk of failure)
Confirm with . or Enter, or press ? or * to list all spells.
Aiming: Confuse (safe; 7% risk of failure)
Press: ? - help, Shift-Dir - straight line, f - centaur
Aim: a centaur (almost dead, chance to defeat MR: 50%)
The centaur resists with some effort.
The centaur hits you!
Ouch! That really hurt!
The centaur hits you!
* * * LOW HITPOINT WARNING * * *
Unknown command.
Casting: Confuse (safe; 7% risk of failure)
Confirm with . or Enter, or press ? or * to list all spells.
Aiming: Confuse (safe; 7% risk of failure)
Press: ? - help, Shift-Dir - straight line, f/p - centaur
Aim: a centaur (almost dead, chance to defeat MR: 50%)
You miscast Confuse.
You are very lightly contaminated with residual magic.
Multicoloured lights dance before your eyes!
The centaur hits you.
You die...

#...# ... .. #<#
... .. ##.# #..
#r .##.# #..b..
###.##.#
...#.(.........#
#...#.......#.#
#..#.......#.#
#..@c....#.K .
#.######.#.# ##
# #.#.# #...$


You could see a centaur, a quokka and a bat (sleeping).

Vanquished Creatures
  A howler monkey skeleton (D:2)
  An adder (D:2)
  A dart slug (D:1)
  A leopard gecko (D:1)
  A giant cockroach (D:2)
  2 goblins
  3 hobgoblins
  6 jackals
  2 bats (D:2)
  5 frilled lizards
  7 kobolds
  4 rats
34 creatures vanquished.

Notes
Turn   | Place    | Note
-------+----------+-------------------------------------------
     0 | D:1      | Jesh the Spriggan Enchanter began the quest for the Orb.
     0 | D:1      | Reached XP level 1. HP: 9/9 MP: 5/5
   923 | D:1      | Reached XP level 2. HP: 13/13 MP: 4/7
   927 | D:1      | Learned a level 2 spell: Ensorcelled Hibernation
  2423 | D:2      | Reached XP level 3. HP: 14/16 MP: 3/9
  2709 | D:2      | Learned a level 3 spell: Confuse
  2713 | D:2      | Learned a level 3 spell: Tukima's Dance
  2730 | D:2      | Found a radiant altar of Vehumet.
  2735 | D:2      | Found an ancient bone altar of Kikubaaqudgha.
  2763 | D:2      | Found a deep blue altar of Sif Muna.
  2770 | D:2      | Identified Vehumet's Catalogue of Conjuration
  3167 | D:3      | Noticed a centaur
  3232 | D:3      | Slain by a centaur

Vault maps used:
D:1:      lightli_arrival_maybe_door_vault, serial_bayou, serial_bayou_shore_a,
          serial_bayou_pond_e, serial_bayou_shore_b, serial_bayou_pond_d
D:2:      grunt_temple_overflow_magic_moments, first_ration, minmay_pentomino_o2
D:3:      nicolae_overflow_crystal_walls, uniq_sigmund

Skill      XL: |  1  2  3 |
---------------+----------+-----
Spellcasting   | 3 4 |  4.0
Hexes          | 4 |  4.8
Short Blades   | |  1.1
Dodging        | |  3.0
Stealth        | |  4.4

Action                   || total
-------------------------++-------
Melee: Dagger            ||    85
       Rapier            ||    20
 Cast: Corona            ||    16
       Ensorcelled Hiber ||    12
       Confuse           ||     1
  Use: Scroll            ||     9
 Stab: Sleeping          ||    18
  Eat: Ration            ||     1
Armor: Robe              ||    16
Dodge: Dodged            ||    83

Table legend:
 A = Non-vault XP
 B = Vault XP
 C = Vault XP percentage of total XP
 D = Non-vault monster count
 E = Vault monster count
 F = Vault count percentage of total count
                 A         B        C        D         E       F
            +---------+---------+-------+---------+---------+-------
      Total |      65 |      14 |  17.7 |      32 |       2 |   5.9
            +---------+---------+-------+---------+---------+-------
        D:1 |      23 |       0 |   0.0 |      13 |       0 |   0.0
        D:2 |      42 |      14 |  25.0 |      19 |       2 |   9.5
            +---------+---------+-------+---------+---------+-------
